Anaheim Ducks vs Nashville Predators

Created - Tuesday, September 30, 2025 at 08:08

Goals
1 2 3 T
Anaheim Ducks 1 0 1 2
Nashville Predators 2 1 3 6
Shots
1 2 3 T
Anaheim Ducks 7 10 27 44
Nashville Predators 14 6 16 36

1st period

1. Nashville Predators , John-Jason Peterka 29 (Marco Kasper 24, Dante Fabbro 7) at 9:09
2. Nashville Predators , Yegor Chinakhov 2 (Dmitri Voronkov 28, Simon Benoit 8) at 12:18 (SH)
3. Anaheim Ducks , Chandler Stephenson 14 (Alex Killorn 15) at 13:59

Penalties :
Mason Marchment (ANA) for Slashing (Minor) at 3:05, Dante Fabbro (NSH) for Holding (Minor) at 10:24, Nazem Kadri (ANA) for Interference (Minor) at 17:43

2nd period

4. Nashville Predators , Marco Kasper 13 (John-Jason Peterka 25) at 19:58

Penalties :
Jani Nyman (NSH) for Hooking (Minor) at 7:53

3rd period

5. Nashville Predators , Jani Nyman 17 (Jean-Gabriel Pageau 30, Brandon Montour 14) at 1:38
6. Nashville Predators , Marco Kasper 14 (John-Jason Peterka 26) at 5:37 (PP)
7. Anaheim Ducks , Mark Scheifele 16 (Joshua Morrissey 20, Nazem Kadri 26) at 15:04 (PP)
8. Nashville Predators , Eetu Luostarinen 11 (Brandon Montour 15, Alex Pietrangelo 24) at 19:52

Penalties :
Mason Marchment (ANA) for Slashing (Minor) at 5:32, Rasmus Andersson (NSH) for Cross-checking (Minor) at 6:40, Nikita Alexandrov (NSH) for Fighting (Major) at 9:12, Chandler Stephenson (ANA) for Fighting (Major) at 9:12, Jean-Gabriel Pageau (NSH) for Fighting (Major) at 10:41, Brayden Schenn (ANA) for Fighting (Major) at 10:41, Mason Marchment (ANA) for Delaying the game (Minor) at 10:58, Rasmus Andersson (NSH) for Holding (Minor) at 14:50

Goalie Stats

Linus Ullmark (ANA), 30 saves from 36 shots - (0.833), L, 21-14-3, 60:00 minutes
Anthony Stolarz (NSH), 42 saves from 44 shots - (0.955), W, 22-4-3, 60:00 minutes

Players Stats for Anaheim Ducks

Player Name              G  A  P  +/- PIM S  H  SB GA TA FO     MP     PP MP  PK MP  
------------------------------------------------------------------------------------
Alex Killorn             0  1  1   0  0   3  1  1  2  0  0/1    14:00   0:29   3:02 
Brayden Schenn           0  0  0  -3  5   3  2  0  0  0  3/6    18:03   3:00   1:24 
Brenden Dillon           0  0  0   0  0   4  0  2  0  0  0/0    16:32   0:00   2:44 
Chandler Stephenson      1  0  1   0  5   4  0  1  0  2  4/10   14:27   2:59   2:04 
Conor Geekie             0  0  0   0  0   0  4  1  0  0  2/14   15:33   0:17   0:09 
Esa Lindell              0  0  0  -3  0   2  1  4  0  1  0/0    23:51   2:18   3:35 
Ivan Provorov            0  0  0  -2  0   1  1  0  1  3  0/0    22:48   2:18   3:14 
J.T. Compher             0  0  0  -1  0   1  0  0  0  0  3/4     9:43   0:17   2:22 
Jonny Brodzinski         0  0  0  -1  0   0  0  0  1  0  0/0     8:02   0:00   0:38 
Joshua Morrissey         0  1  1  -2  0   3  0  1  1  0  0/0    20:40   3:53   0:04 
Kevin Bahl               0  0  0   0  0   1  0  2  0  0  0/0    14:24   0:00   0:00 
Mark Scheifele           1  0  1  -3  0   4  6  0  1  0  18/28  19:53   3:09   1:01 
Mason Marchment          0  0  0  -2  6   4  1  0  0  0  0/1    18:12   2:59   0:00 
Nazem Kadri              0  1  1   0  2   3  1  0  1  1  3/5    19:41   2:40   1:24 
Parker Kelly             0  0  0  -1  0   5  0  0  0  0  0/0     7:04   0:00   0:00 
Philip Broberg           0  0  0  -1  0   0  2  3  0  0  0/0    21:45   3:53   2:27 
Will Cuylle              0  0  0   0  0   2  0  0  1  0  0/0    10:06   0:00   0:00 
William Nylander         0  0  0  -1  0   4  1  0  1  0  3/4    19:08   2:43   0:00 

Players Stats for Nashville Predators

Player Name              G  A  P  +/- PIM S  H  SB GA TA FO     MP     PP MP  PK MP  
------------------------------------------------------------------------------------
Alex Pietrangelo         0  1  1   2  0   2  0  1  0  2  0/0    27:41   2:27   4:35 
Brandon Montour          0  2  2   1  0   2  1  0  0  2  0/0    24:22   2:27   1:30 
Dante Fabbro             0  1  1   2  2   2  0  0  0  0  0/0    20:05   0:00   2:41 
Dmitri Voronkov          0  1  1   2  0   1  2  0  2  0  0/2    19:10   2:43   0:53 
Eetu Luostarinen         1  0  1   0  0   2  0  0  0  0  1/5    12:11   1:01   1:57 
Jack Roslovic            0  0  0   0  0   2  1  0  0  0  4/7     7:29   0:00   0:00 
Jani Nyman               1  0  1   1  2   2  2  1  1  0  1/1    18:15   2:38   0:00 
Jean-Gabriel Pageau      0  1  1   1  5   2  2  1  1  1  22/32  19:44   1:48   3:05 
John-Jason Peterka       1  2  3   2  0   3  2  0  2  1  0/0    17:57   2:57   0:00 
Jordan Spence            0  0  0   1  0   1  1  0  0  0  0/0    13:51   3:35   0:18 
Marco Kasper             2  1  3   2  0   6  3  0  0  1  6/13   17:57   2:57   0:00 
Nikita Alexandrov        0  0  0   0  5   0  0  1  0  0  3/8     8:53   0:00   0:09 
Pius Suter               0  0  0   2  0   3  2  1  0  0  0/1    22:15   2:57   3:51 
Rasmus Andersson         0  0  0   2  4   2  0  1  0  1  0/0    22:36   3:35   1:50 
Robby Fabbri             0  0  0   0  0   1  0  0  0  0  0/0     9:03   0:00   0:03 
Simon Benoit             0  1  1   0  0   0  0  0  0  1  0/0    11:49   0:00   1:28 
Yegor Chinakhov          1  0  1   1  0   3  1  0  1  0  0/4    10:26   0:43   0:33 
Yegor Sharangovich       0  0  0   0  0   2  0  0  0  0  0/0     9:59   0:22   1:51 

3 Stars

1 - Marco Kasper (NSH)
2 - John-Jason Peterka (NSH)
3 - Anthony Stolarz (NSH)

Power Play

Anaheim Ducks - 1 on 4 Attempt(s) - 25.00%
Nashville Predators - 1 on 4 Attempt(s) - 25.00%

Penalty Kill

Anaheim Ducks - 3 on 4 Attempt(s) - 75.00% - Score 0 goal in Penalty Kill
Nashville Predators - 3 on 4 Attempt(s) - 75.00% - Score 1 goal in Penalty Kill

Team Stat

Anaheim Ducks - Hits : 20 - Faceoff Wins : 36 - Blocked Shots : 15 - Penalty Minutes : 18
Nashville Predators - Hits : 17 - Faceoff Wins : 37 - Blocked Shots : 6 - Penalty Minutes : 18

Official

Referees : Chris Schlenker and Corey Syvret
Linesman : Trent Knorr and Shandor Alphonso

Game Notes

Nikita Alexandrov beats up Chandler Stephenson at 9:12 of 3rd period
Brayden Schenn beats up Jean-Gabriel Pageau at 10:41 of 3rd period

Finance

Level 1 -- Attendance: 5061 (84.35%) -- Ticket Income $506,100
Level 2 -- Attendance: 4068 (81.36%) -- Ticket Income $244,080
Level 3 -- Attendance: 2489 (82.97%) -- Ticket Income $87,115
Level 4 -- Attendance: 3412 (68.24%) -- Ticket Income $85,300
Luxury Box -- Attendance: 754 (75.40%) -- Ticket Income $150,800
Game was played at the Bridgestone Arena.
Total Attendance: 15784 (78.92%)
Total Ticket Income: $1,073,395
Other Income: $375,688
Total Income: $1,449,083

Anaheim Ducks

5 vs 5 Forward 
   Center                   Left Wing                Right Wing               Time % Phy DF OF 
 1 Mark Scheifele           Mason Marchment          Brayden Schenn           35     1   2  2  
 2 Conor Geekie             Nazem Kadri              William Nylander         35     1   2  2  
 3 Chandler Stephenson      Will Cuylle              Alex Killorn             20     1   2  2  
 4 J.T. Compher             Parker Kelly             Jonny Brodzinski         10     1   2  2  

5 vs 5 Defense 
   Defense                  Defense                                           Time % Phy DF OF 
 1 Esa Lindell              Joshua Morrissey                                  36     1   2  2  
 2 Ivan Provorov            Philip Broberg                                    33     1   2  2  
 3 Kevin Bahl               Brenden Dillon                                    31     1   2  2  
 4 Esa Lindell              Ivan Provorov                                     0      1   2  2  

PowerPlay Forward 
   Center                   Left Wing                Right Wing               Time % Phy DF OF 
 1 Mark Scheifele           Brayden Schenn           William Nylander         50     1   1  3  
 2 Nazem Kadri              Chandler Stephenson      Mason Marchment          50     1   1  3  

PowerPlay Defense
   Defense                  Defense                                           Time % Phy DF OF 
 1 Joshua Morrissey         Philip Broberg                                    60     1   2  2  
 2 Ivan Provorov            Esa Lindell                                       40     1   2  2  

Penalty Kill 4 Players Forward 
   Center                   Wing                     Time % Phy DF OF 
 1 Chandler Stephenson      Alex Killorn             60     1   3  1  
 2 J.T. Compher             Brayden Schenn           40     1   3  1  

Penalty Kill 4 Players Defense
   Defense                  Defense                  Time % Phy DF OF 
 1 Esa Lindell              Ivan Provorov            60     1   4  0  
 2 Brenden Dillon           Philip Broberg           40     1   4  0  

Penalty Kill - 3 Players Forward 
   Forward                                           Time % Phy DF OF 
 1 Chandler Stephenson                               60     1   4  0  
 2 Alex Killorn                                      40     1   4  0  

Penalty Kill - 3 Players Defense
   Defense                  Defense                  Time % Phy DF OF 
 1 Esa Lindell              Ivan Provorov            60     1   4  0  
 2 Brenden Dillon           Philip Broberg           40     1   4  0  

4 vs 4 Forward 
   Center                   Wing                     Time % Phy DF OF 
 1 Chandler Stephenson      William Nylander         60     1   2  2  
 2 Mark Scheifele           Nazem Kadri              40     1   2  2  

4 vs 4 Defense
   Defense                  Defense                  Time % Phy DF OF 
 1 Esa Lindell              Joshua Morrissey         60     1   2  2  
 2 Brenden Dillon           Ivan Provorov            40     1   2  2  

Last Minutes Offensive
   Center                   Left Wing                Right Wing               Defense                  Defense                  
   Mark Scheifele           Brayden Schenn           William Nylander         Philip Broberg           Joshua Morrissey         

Last Minutes Defensive
   Center                   Left Wing                Right Wing               Defense                  Defense                  
   Chandler Stephenson      Alex Killorn             Brayden Schenn           Ivan Provorov            Esa Lindell              

Goaltenders
Starting : Linus Ullmark            
Backup : James Reimer             

Extra Forwards
Normal : William Nylander, Mark Scheifele, Nazem Kadri - PP : William Nylander, Nazem Kadri - PK : Chandler Stephenson
Extra Defensemen
Normal : Esa Lindell, Ivan Provorov, Brenden Dillon - PP : Joshua Morrissey - PK : Esa Lindell, Ivan Provorov
Penalty Shots
Chandler Stephenson, Mark Scheifele, Brayden Schenn, Alex Killorn, William Nylander

Scratches
John Tavares (Sprained Right Knee Injury), Morgan Rielly (Healthy)

Nashville Predators

5 vs 5 Forward 
   Center                   Left Wing                Right Wing               Time % Phy DF OF 
 1 Marco Kasper             John-Jason Peterka       Pius Suter               35     0   1  4  
 2 Jean-Gabriel Pageau      Dmitri Voronkov          Jani Nyman               35     0   2  3  
 3 Jack Roslovic            Yegor Sharangovich       Yegor Chinakhov          15     0   2  3  
 4 Nikita Alexandrov        Eetu Luostarinen         Robby Fabbri             15     0   3  2  

5 vs 5 Defense 
   Defense                  Defense                                           Time % Phy DF OF 
 1 Alex Pietrangelo         Brandon Montour                                   40     1   2  2  
 2 Dante Fabbro             Rasmus Andersson                                  36     1   4  0  
 3 Jordan Spence            Simon Benoit                                      24     0   5  0  
 4 Dante Fabbro             Brandon Montour                                   0      1   3  1  

PowerPlay Forward 
   Center                   Left Wing                Right Wing               Time % Phy DF OF 
 1 Marco Kasper             John-Jason Peterka       Pius Suter               65     1   1  3  
 2 Jean-Gabriel Pageau      Dmitri Voronkov          Jani Nyman               35     1   1  3  

PowerPlay Defense
   Defense                  Defense                                           Time % Phy DF OF 
 1 Brandon Montour          Alex Pietrangelo                                  50     1   1  3  
 2 Jordan Spence            Rasmus Andersson                                  50     2   2  1  

Penalty Kill 4 Players Forward 
   Center                   Wing                     Time % Phy DF OF 
 1 Jean-Gabriel Pageau      Pius Suter               65     1   2  2  
 2 Nikita Alexandrov        Eetu Luostarinen         35     1   2  2  

Penalty Kill 4 Players Defense
   Defense                  Defense                  Time % Phy DF OF 
 1 Alex Pietrangelo         Rasmus Andersson         60     2   3  0  
 2 Simon Benoit             Dante Fabbro             40     1   3  1  

Penalty Kill - 3 Players Forward 
   Forward                                           Time % Phy DF OF 
 1 Jean-Gabriel Pageau                               50     1   2  2  
 2 Pius Suter                                        50     1   2  2  

Penalty Kill - 3 Players Defense
   Defense                  Defense                  Time % Phy DF OF 
 1 Alex Pietrangelo         Rasmus Andersson         50     1   2  2  
 2 Simon Benoit             Dante Fabbro             50     1   2  2  

4 vs 4 Forward 
   Center                   Wing                     Time % Phy DF OF 
 1 Jean-Gabriel Pageau      Pius Suter               50     1   2  2  
 2 Nikita Alexandrov        Eetu Luostarinen         50     1   2  2  

4 vs 4 Defense
   Defense                  Defense                  Time % Phy DF OF 
 1 Rasmus Andersson         Alex Pietrangelo         60     2   2  1  
 2 Dante Fabbro             Simon Benoit             40     2   2  1  

Last Minutes Offensive
   Center                   Left Wing                Right Wing               Defense                  Defense                  
   Jean-Gabriel Pageau      Pius Suter               John-Jason Peterka       Dmitri Voronkov          Brandon Montour          

Last Minutes Defensive
   Center                   Left Wing                Right Wing               Defense                  Defense                  
   Jean-Gabriel Pageau      Pius Suter               Robby Fabbri             Alex Pietrangelo         Rasmus Andersson         

Goaltenders
Starting : Anthony Stolarz          
Backup : Thatcher Demko           

Extra Forwards
Normal : Dmitri Voronkov, Yegor Chinakhov, Eetu Luostarinen - PP : Eetu Luostarinen, Yegor Chinakhov - PK : Eetu Luostarinen
Extra Defensemen
Normal : Rasmus Andersson, Dante Fabbro, Simon Benoit - PP : Rasmus Andersson - PK : Dante Fabbro, Brandon Montour
Penalty Shots
Dmitri Voronkov, Jani Nyman, John-Jason Peterka, Pius Suter, Yegor Sharangovich

Scratches
Evan Rodrigues (Healthy), Ryan Hartman (Healthy), Parker Wotherspoon (Healthy), Nick Perbix (Healthy), Mads Sogaard (Healthy)

% Time on Ice - Anaheim Ducks

Lines # - Real PCT - Wanted PCT - Time Play
Normal Forward
1 - 32% - 35% - 15:18
2 - 32% - 35% - 15:19
3 - 21% - 20% - 10:06
4 - 15% - 10% - 7:04
Normal Defense
1 - 35% - 36% - 16:53
2 - 32% - 33% - 15:07
3 - 30% - 31% - 14:24
4 - 3% - 0% - 1:23
PP Forward
1 - 52% - 50% - 3:12
2 - 48% - 50% - 2:59
PP Defense
1 - 63% - 60% - 3:53
2 - 37% - 40% - 2:18
PK Forward
1 - 85% - 60% - 5:06
2 - 15% - 40% - 0:56
PK Defense
1 - 59% - 60% - 3:35
2 - 41% - 40% - 2:27
PK3 Forward
1 - 0% - 60%
2 - 0% - 40%
PK3 Defense
1 - 0% - 60%
2 - 0% - 40%
44 Forward
1 - 0% - 60%
2 - 0% - 40%
44 Defense
1 - 0% - 60%
2 - 0% - 40%
Last Minute Offensive  - 0:00
Last Minute Defensive  - 0:00
Total
Forward - 60:00
Defense - 60:00

% Time on Ice - Nashville Predators

Lines # - Real PCT - Wanted PCT - Time Play
Normal Forward
1 - 33% - 35% - 15:48
2 - 33% - 35% - 15:34
3 - 16% - 15% - 7:29
4 - 19% - 15% - 8:56
Normal Defense
1 - 43% - 40% - 20:43
2 - 35% - 36% - 16:38
3 - 20% - 24% - 9:25
4 - 2% - 0% - 1:01
PP Forward
1 - 55% - 65% - 3:19
2 - 45% - 35% - 2:43
PP Defense
1 - 41% - 50% - 2:27
2 - 59% - 50% - 3:35
PK Forward
1 - 98% - 65% - 6:02
2 - 2% - 35% - 0:09
PK Defense
1 - 75% - 60% - 4:40
2 - 25% - 40% - 1:31
PK3 Forward
1 - 0% - 50%
2 - 0% - 50%
PK3 Defense
1 - 0% - 50%
2 - 0% - 50%
44 Forward
1 - 0% - 50%
2 - 0% - 50%
44 Defense
1 - 0% - 60%
2 - 0% - 40%
Last Minute Offensive  - 0:00
Last Minute Defensive  - 0:00
Total
Forward - 60:00
Defense - 60:00

Play-by-Play

1st period


0:01 of 1st period - Brayden Schenn wins face-off versus Marco Kasper in neutral zone.
0:26 of 1st period - Joshua Morrissey is hit by Jean-Gabriel Pageau.
0:52 of 1st period - Wrist shot by Chandler Stephenson.
0:52 of 1st period - Stopped by Anthony Stolarz with a rebound.
1:52 of 1st period - Wrist shot by John-Jason Peterka.
1:52 of 1st period - Shot Misses the Net.
1:54 of 1st period - Wrist shot by Marco Kasper.
1:54 of 1st period - Stopped by Linus Ullmark without a rebound.
1:55 of 1st period - Mark Scheifele wins face-off versus Nikita Alexandrov in Anaheim Ducks zone.
1:59 of 1st period - Off-side.
2:00 of 1st period - Mark Scheifele wins face-off versus Eetu Luostarinen in neutral zone.
3:03 of 1st period - Snap shot by John-Jason Peterka.
3:03 of 1st period - Shot Blocked by Philip Broberg.
3:05 of 1st period - Minor Penalty to Mason Marchment for Slashing.
3:06 of 1st period - Chandler Stephenson wins face-off versus Dmitri Voronkov in Anaheim Ducks zone.
3:19 of 1st period - Jean-Gabriel Pageau is hit by Esa Lindell and loses puck.
5:05 of 1st period - Penalty to Mason Marchment is over, Mason Marchment is back on ice.
6:14 of 1st period - Brandon Montour is hit by Conor Geekie and loses puck.
6:46 of 1st period - Icing by J.T. Compher.
6:47 of 1st period - J.T. Compher wins face-off versus Nikita Alexandrov in Anaheim Ducks zone.
7:35 of 1st period - Snap shot by Brayden Schenn.
7:35 of 1st period - Stopped by Anthony Stolarz without a rebound.
7:36 of 1st period - Marco Kasper wins face-off versus Conor Geekie in Nashville Predators zone.
8:07 of 1st period - Snap shot by Jean-Gabriel Pageau.
8:07 of 1st period - Shot Misses the Net.
8:21 of 1st period - Yegor Chinakhov is hit by Alex Killorn and loses puck.
8:25 of 1st period - Icing by Yegor Sharangovich.
8:26 of 1st period - Jack Roslovic wins face-off versus Chandler Stephenson in Nashville Predators zone.
8:35 of 1st period - Snap shot by Yegor Sharangovich.
8:35 of 1st period - Stopped by Linus Ullmark without a rebound.
8:36 of 1st period - Jean-Gabriel Pageau wins face-off versus Conor Geekie in Anaheim Ducks zone.
8:39 of 1st period - Wrist shot by Dmitri Voronkov.
8:39 of 1st period - Shot Misses the Net.
8:41 of 1st period - Wrist shot by Jani Nyman.
8:41 of 1st period - Stopped by Linus Ullmark without a rebound.
8:42 of 1st period - Jean-Gabriel Pageau wins face-off versus Conor Geekie in Anaheim Ducks zone.
8:51 of 1st period - Wrist shot by Jani Nyman.
8:51 of 1st period - Shot Blocked by Conor Geekie.
8:53 of 1st period - Slapshot by Rasmus Andersson.
8:53 of 1st period - Stopped by Linus Ullmark with a rebound.
8:55 of 1st period - Slapshot by Rasmus Andersson.
8:55 of 1st period - Deflect By William Nylander.
8:55 of 1st period - Stopped by Linus Ullmark with a rebound.
8:57 of 1st period - Snap shot by Dante Fabbro.
8:57 of 1st period - Stopped by Linus Ullmark without a rebound.
8:58 of 1st period - Mark Scheifele wins face-off versus Marco Kasper in Anaheim Ducks zone.
9:09 of 1st period - Snap shot by John-Jason Peterka.
9:09 of 1st period - Goal by John-Jason Peterka - Anaheim Ducks : 0 - Nashville Predators : 1.
9:10 of 1st period - Jean-Gabriel Pageau wins face-off versus Conor Geekie in neutral zone.
9:35 of 1st period - John-Jason Peterka is hit by Mark Scheifele.
9:41 of 1st period - Slapshot by John-Jason Peterka.
9:41 of 1st period - Shot Blocked by Joshua Morrissey.
9:43 of 1st period - Wrist shot by Dante Fabbro.
9:43 of 1st period - Stopped by Linus Ullmark without a rebound.
9:44 of 1st period - Jean-Gabriel Pageau wins face-off versus Chandler Stephenson in Anaheim Ducks zone.
9:47 of 1st period - Snap shot by Jean-Gabriel Pageau.
9:47 of 1st period - Stopped by Linus Ullmark without a rebound.
9:48 of 1st period - Jean-Gabriel Pageau wins face-off versus Chandler Stephenson in Anaheim Ducks zone.
10:24 of 1st period - Minor Penalty to Dante Fabbro for Holding.
10:25 of 1st period - Jean-Gabriel Pageau wins face-off versus Mark Scheifele in Nashville Predators zone.
11:04 of 1st period - Snap shot by Nazem Kadri.
11:04 of 1st period - Shot Misses the Net.
11:40 of 1st period - Brandon Montour is hit by Mark Scheifele and loses puck.
12:18 of 1st period - Slapshot by Dmitri Voronkov.
12:18 of 1st period - Deflect By Yegor Chinakhov.
12:18 of 1st period - Goal by Yegor Chinakhov - Anaheim Ducks : 0 - Nashville Predators : 2.
12:19 of 1st period - Nazem Kadri wins face-off versus Jean-Gabriel Pageau in neutral zone.
12:24 of 1st period - Penalty to Dante Fabbro is over, Dante Fabbro is back on ice.
12:24 of 1st period - Wrist shot by Chandler Stephenson.
12:24 of 1st period - Shot Blocked by Pius Suter.
12:26 of 1st period - Slapshot by Philip Broberg.
12:26 of 1st period - Shot Blocked by Jean-Gabriel Pageau.
12:42 of 1st period - Wrist shot by Yegor Chinakhov.
12:42 of 1st period - Stopped by Linus Ullmark without a rebound.
12:43 of 1st period - Jack Roslovic wins face-off versus J.T. Compher in Anaheim Ducks zone.
12:44 of 1st period - Snap shot by Yegor Chinakhov.
12:44 of 1st period - Shot Misses the Net.
13:53 of 1st period - Slapshot by Alex Killorn.
13:53 of 1st period - Stopped by Anthony Stolarz without a rebound.
13:54 of 1st period - Chandler Stephenson wins face-off versus Nikita Alexandrov in Nashville Predators zone.
13:59 of 1st period - Snap shot by Chandler Stephenson.
13:59 of 1st period - Goal by Chandler Stephenson - Anaheim Ducks : 1 - Nashville Predators : 2.
14:00 of 1st period - Jani Nyman wins face-off versus Brayden Schenn in neutral zone.
14:03 of 1st period - Wrist shot by Dmitri Voronkov.
14:03 of 1st period - Stopped by Linus Ullmark with a rebound.
14:13 of 1st period - Wrist shot by Mark Scheifele.
14:13 of 1st period - Stopped by Anthony Stolarz without a rebound.
14:14 of 1st period - Marco Kasper wins face-off versus Conor Geekie in Nashville Predators zone.
14:28 of 1st period - Wrist shot by John-Jason Peterka.
14:28 of 1st period - Stopped by Linus Ullmark without a rebound.
14:29 of 1st period - Mark Scheifele wins face-off versus Jean-Gabriel Pageau in Anaheim Ducks zone.
14:54 of 1st period - Pius Suter is hit by Conor Geekie and loses puck.
16:07 of 1st period - Conor Geekie is hit by Brandon Montour and loses puck.
16:40 of 1st period - Wrist shot by Mason Marchment.
16:40 of 1st period - Deflect By Mark Scheifele.
16:40 of 1st period - Stopped by Anthony Stolarz with a rebound.
16:42 of 1st period - Slapshot by Brenden Dillon.
16:42 of 1st period - Stopped by Anthony Stolarz without a rebound.
16:43 of 1st period - Brayden Schenn wins face-off versus Jack Roslovic in Nashville Predators zone.
16:58 of 1st period - Wrist shot by Brayden Schenn.
16:58 of 1st period - Shot Misses the Net.
17:10 of 1st period - Philip Broberg is hit by Jani Nyman and loses puck.
17:21 of 1st period - Off-side.
17:22 of 1st period - Marco Kasper wins face-off versus Conor Geekie in neutral zone.
17:43 of 1st period - Minor Penalty to Nazem Kadri for Interference.
17:44 of 1st period - Chandler Stephenson wins face-off versus Marco Kasper in Anaheim Ducks zone.
19:43 of 1st period - Penalty to Nazem Kadri is over, Nazem Kadri is back on ice.
19:50 of 1st period - Snap shot by Yegor Chinakhov.
19:50 of 1st period - Stopped by Linus Ullmark with a rebound.
Goals for this period are 1 for Anaheim Ducks vs 2 for Nashville Predators.
Shots for this period are 7 for Anaheim Ducks vs 14 for Nashville Predators.

2nd period


0:01 of 2nd period - Mark Scheifele wins face-off versus Jean-Gabriel Pageau in neutral zone.
0:26 of 2nd period - Alex Pietrangelo is hit by Nazem Kadri and loses puck.
0:35 of 2nd period - Philip Broberg is hit by Marco Kasper and loses puck.
1:55 of 2nd period - Off-side.
1:56 of 2nd period - Marco Kasper wins face-off versus Conor Geekie in neutral zone.
2:22 of 2nd period - Ivan Provorov is hit by Jean-Gabriel Pageau and loses puck.
2:47 of 2nd period - Snap shot by Robby Fabbri.
2:47 of 2nd period - Stopped by Linus Ullmark with a rebound.
2:51 of 2nd period - Wrist shot by Eetu Luostarinen.
2:51 of 2nd period - Shot Misses the Net.
2:53 of 2nd period - Wrist shot by Eetu Luostarinen.
2:53 of 2nd period - Shot Misses the Net.
2:55 of 2nd period - Backhand shot by Jordan Spence.
2:55 of 2nd period - Deflect By Philip Broberg.
2:55 of 2nd period - Stopped by Linus Ullmark with a rebound.
3:05 of 2nd period - Brayden Schenn is hit by Jordan Spence and loses puck.
3:36 of 2nd period - Nazem Kadri is hit by Marco Kasper.
4:34 of 2nd period - Off-side.
4:35 of 2nd period - Mark Scheifele wins face-off versus Jack Roslovic in neutral zone.
4:39 of 2nd period - Slapshot by Philip Broberg.
4:39 of 2nd period - Shot Misses the Net.
4:41 of 2nd period - Slapshot by Brayden Schenn.
4:41 of 2nd period - Stopped by Anthony Stolarz with a rebound.
4:43 of 2nd period - Wrist shot by Brayden Schenn.
4:43 of 2nd period - Stopped by Anthony Stolarz without a rebound.
4:44 of 2nd period - Jean-Gabriel Pageau wins face-off versus Mark Scheifele in Nashville Predators zone.
4:53 of 2nd period - Dmitri Voronkov is hit by Mason Marchment and loses puck.
5:16 of 2nd period - Slapshot by Conor Geekie.
5:16 of 2nd period - Shot Misses the Net.
5:29 of 2nd period - Off-side.
5:30 of 2nd period - Nikita Alexandrov wins face-off versus Chandler Stephenson in neutral zone.
5:35 of 2nd period - Wrist shot by Robby Fabbri.
5:35 of 2nd period - Shot Blocked by Esa Lindell.
5:37 of 2nd period - Snap shot by Robby Fabbri.
5:37 of 2nd period - Shot Blocked by Esa Lindell.
5:39 of 2nd period - Slapshot by Alex Pietrangelo.
5:39 of 2nd period - Shot Blocked by Alex Killorn.
6:16 of 2nd period - Slapshot by Parker Kelly.
6:16 of 2nd period - Stopped by Anthony Stolarz with a rebound.
6:41 of 2nd period - Slapshot by J.T. Compher.
6:41 of 2nd period - Stopped by Anthony Stolarz with a rebound.
6:43 of 2nd period - Snap shot by Nazem Kadri.
6:43 of 2nd period - Deflect By Conor Geekie.
6:43 of 2nd period - Shot Misses the Net.
6:43 of 2nd period - Puck is out of play.
6:44 of 2nd period - Jean-Gabriel Pageau wins face-off versus William Nylander in Nashville Predators zone.
7:18 of 2nd period - Wrist shot by Jean-Gabriel Pageau.
7:18 of 2nd period - Stopped by Linus Ullmark with a rebound.
7:20 of 2nd period - Snap shot by Dante Fabbro.
7:20 of 2nd period - Shot Misses the Net.
7:38 of 2nd period - Joshua Morrissey is hit by Dmitri Voronkov and loses puck.
7:51 of 2nd period - Wrist shot by Nazem Kadri.
7:51 of 2nd period - Stopped by Anthony Stolarz with a rebound.
7:53 of 2nd period - Minor Penalty to Jani Nyman for Hooking.
7:54 of 2nd period - Eetu Luostarinen wins face-off versus Brayden Schenn in Nashville Predators zone.
9:15 of 2nd period - Nazem Kadri is hit by Yegor Chinakhov and loses puck.
9:53 of 2nd period - Penalty to Jani Nyman is over, Jani Nyman is back on ice.
10:18 of 2nd period - Brenden Dillon is hit by Marco Kasper and loses puck.
11:12 of 2nd period - Alex Killorn is hit by Jani Nyman and loses puck.
12:27 of 2nd period - Brayden Schenn is hit by Jack Roslovic and loses puck.
12:44 of 2nd period - Kevin Bahl is hit by Pius Suter and loses puck.
13:25 of 2nd period - Off-side.
13:26 of 2nd period - Mark Scheifele wins face-off versus Jack Roslovic in neutral zone.
13:31 of 2nd period - Slapshot by Mark Scheifele.
13:31 of 2nd period - Shot Blocked by Rasmus Andersson.
13:41 of 2nd period - Snap shot by Brayden Schenn.
13:41 of 2nd period - Shot Misses the Net.
13:51 of 2nd period - Dante Fabbro is hit by Conor Geekie and loses puck.
14:16 of 2nd period - Wrist shot by Brandon Montour.
14:16 of 2nd period - Deflect By Jani Nyman.
14:16 of 2nd period - Shot Blocked by Philip Broberg.
14:16 of 2nd period - Puck is out of play.
14:17 of 2nd period - J.T. Compher wins face-off versus Jean-Gabriel Pageau in Anaheim Ducks zone.
14:28 of 2nd period - Wrist shot by Jean-Gabriel Pageau.
14:28 of 2nd period - Deflect By Jani Nyman.
14:28 of 2nd period - Shot Blocked by Kevin Bahl.
14:28 of 2nd period - Puck is out of play.
14:29 of 2nd period - Mark Scheifele wins face-off versus Marco Kasper in Anaheim Ducks zone.
14:46 of 2nd period - Off-side.
14:47 of 2nd period - Conor Geekie wins face-off versus Jean-Gabriel Pageau in neutral zone.
14:50 of 2nd period - Brandon Montour is hit by Conor Geekie and loses puck.
14:59 of 2nd period - Wrist shot by Dmitri Voronkov.
14:59 of 2nd period - Shot Misses the Net.
15:01 of 2nd period - Wrist shot by Jani Nyman.
15:01 of 2nd period - Shot Misses the Net.
15:13 of 2nd period - Brandon Montour is hit by Brayden Schenn and loses puck.
15:22 of 2nd period - Brayden Schenn is hit by Pius Suter and loses puck.
16:52 of 2nd period - Snap shot by Nikita Alexandrov.
16:52 of 2nd period - Shot Blocked by Kevin Bahl.
17:18 of 2nd period - Snap shot by Nazem Kadri.
17:18 of 2nd period - Shot Misses the Net.
17:20 of 2nd period - Backhand shot by Conor Geekie.
17:20 of 2nd period - Shot Misses the Net.
17:22 of 2nd period - Snap shot by Brenden Dillon.
17:22 of 2nd period - Stopped by Anthony Stolarz with a rebound.
17:24 of 2nd period - Snap shot by Conor Geekie.
17:24 of 2nd period - Shot Misses the Net.
17:26 of 2nd period - Snap shot by Conor Geekie.
17:26 of 2nd period - Shot Misses the Net.
17:44 of 2nd period - Backhand shot by Parker Kelly.
17:44 of 2nd period - Stopped by Anthony Stolarz without a rebound.
17:45 of 2nd period - Mark Scheifele wins face-off versus Marco Kasper in Nashville Predators zone.
18:00 of 2nd period - Snap shot by John-Jason Peterka.
18:00 of 2nd period - Shot Blocked by Philip Broberg.
18:17 of 2nd period - Wrist shot by Nazem Kadri.
18:17 of 2nd period - Deflect By William Nylander.
18:17 of 2nd period - Stopped by Anthony Stolarz with a rebound.
18:35 of 2nd period - Wrist shot by Chandler Stephenson.
18:35 of 2nd period - Stopped by Anthony Stolarz with a rebound.
18:37 of 2nd period - Slapshot by Joshua Morrissey.
18:37 of 2nd period - Deflect By Jean-Gabriel Pageau.
18:37 of 2nd period - Stopped by Anthony Stolarz without a rebound.
18:38 of 2nd period - Brayden Schenn wins face-off versus Pius Suter in Nashville Predators zone.
19:24 of 2nd period - Wrist shot by John-Jason Peterka.
19:24 of 2nd period - Shot Misses the Net.
19:26 of 2nd period - Wrist shot by Pius Suter.
19:26 of 2nd period - Stopped by Linus Ullmark with a rebound.
19:40 of 2nd period - Slapshot by Joshua Morrissey.
19:40 of 2nd period - Shot Misses the Net.
19:56 of 2nd period - Slapshot by John-Jason Peterka.
19:56 of 2nd period - Stopped by Linus Ullmark with a rebound.
19:58 of 2nd period - Snap shot by Marco Kasper.
19:58 of 2nd period - Goal by Marco Kasper - Anaheim Ducks : 1 - Nashville Predators : 3.
19:59 of 2nd period - Jean-Gabriel Pageau wins face-off versus Mark Scheifele in neutral zone.
Goals for this period are 0 for Anaheim Ducks vs 1 for Nashville Predators.
Shots for this period are 10 for Anaheim Ducks vs 6 for Nashville Predators.

3rd period


0:01 of 3rd period - Jean-Gabriel Pageau wins face-off versus Mason Marchment in neutral zone.
0:20 of 3rd period - Dmitri Voronkov is hit by Mark Scheifele and loses puck.
0:35 of 3rd period - Wrist shot by Mason Marchment.
0:35 of 3rd period - Stopped by Anthony Stolarz without a rebound.
0:36 of 3rd period - Marco Kasper wins face-off versus Conor Geekie in Nashville Predators zone.
0:55 of 3rd period - Slapshot by Marco Kasper.
0:55 of 3rd period - Stopped by Linus Ullmark with a rebound.
0:57 of 3rd period - Wrist shot by Pius Suter.
0:57 of 3rd period - Stopped by Linus Ullmark with a rebound.
0:59 of 3rd period - Wrist shot by Marco Kasper.
0:59 of 3rd period - Shot Misses the Net.
1:09 of 3rd period - John-Jason Peterka is hit by William Nylander and loses puck.
1:26 of 3rd period - Slapshot by Nazem Kadri.
1:26 of 3rd period - Stopped by Anthony Stolarz without a rebound.
1:27 of 3rd period - Jean-Gabriel Pageau wins face-off versus Mark Scheifele in Nashville Predators zone.
1:38 of 3rd period - Snap shot by Jani Nyman.
1:38 of 3rd period - Goal by Jani Nyman - Anaheim Ducks : 1 - Nashville Predators : 4.
1:39 of 3rd period - Jean-Gabriel Pageau wins face-off versus Mark Scheifele in neutral zone.
2:05 of 3rd period - William Nylander is hit by John-Jason Peterka and loses puck.
2:10 of 3rd period - Wrist shot by John-Jason Peterka.
2:10 of 3rd period - Shot Blocked by Esa Lindell.
2:12 of 3rd period - Wrist shot by Pius Suter.
2:12 of 3rd period - Deflect By Marco Kasper.
2:12 of 3rd period - Stopped by Linus Ullmark with a rebound.
2:14 of 3rd period - Slapshot by Dante Fabbro.
2:14 of 3rd period - Shot Blocked by Esa Lindell.
2:16 of 3rd period - Snap shot by Pius Suter.
2:16 of 3rd period - Stopped by Linus Ullmark with a rebound.
2:28 of 3rd period - Wrist shot by Will Cuylle.
2:28 of 3rd period - Stopped by Anthony Stolarz without a rebound.
2:29 of 3rd period - Jack Roslovic wins face-off versus Chandler Stephenson in Nashville Predators zone.
2:36 of 3rd period - Backhand shot by Brandon Montour.
2:36 of 3rd period - Stopped by Linus Ullmark with a rebound.
3:41 of 3rd period - Backhand shot by Eetu Luostarinen.
3:41 of 3rd period - Shot Blocked by Brenden Dillon.
3:43 of 3rd period - Slapshot by Eetu Luostarinen.
3:43 of 3rd period - Deflect By Robby Fabbri.
3:43 of 3rd period - Shot Blocked by Brenden Dillon.
3:43 of 3rd period - Puck is out of play.
3:44 of 3rd period - Mark Scheifele wins face-off versus Jean-Gabriel Pageau in Anaheim Ducks zone.
4:22 of 3rd period - Snap shot by Marco Kasper.
4:22 of 3rd period - Stopped by Linus Ullmark without a rebound.
4:23 of 3rd period - Chandler Stephenson wins face-off versus Eetu Luostarinen in Anaheim Ducks zone.
4:28 of 3rd period - Dante Fabbro is hit by Ivan Provorov.
4:34 of 3rd period - Wrist shot by Will Cuylle.
4:34 of 3rd period - Stopped by Anthony Stolarz without a rebound.
4:35 of 3rd period - Jean-Gabriel Pageau wins face-off versus Mark Scheifele in Nashville Predators zone.
4:35 of 3rd period - Jean-Gabriel Pageau is hit by Mark Scheifele.
5:00 of 3rd period - Pius Suter is hit by Philip Broberg and loses puck.
5:25 of 3rd period - Wrist shot by Jack Roslovic.
5:25 of 3rd period - Stopped by Linus Ullmark with a rebound.
5:27 of 3rd period - Snap shot by Alex Pietrangelo.
5:27 of 3rd period - Stopped by Linus Ullmark with a rebound.
5:29 of 3rd period - Snap shot by Alex Pietrangelo.
5:29 of 3rd period - Stopped by Linus Ullmark without a rebound.
5:30 of 3rd period - Mark Scheifele wins face-off versus Jean-Gabriel Pageau in Anaheim Ducks zone.
5:32 of 3rd period - Minor Penalty to Mason Marchment for Slashing.
5:33 of 3rd period - Marco Kasper wins face-off versus Chandler Stephenson in Anaheim Ducks zone.
5:33 of 3rd period - Snap shot by John-Jason Peterka.
5:33 of 3rd period - Shot Blocked by Chandler Stephenson.
5:35 of 3rd period - Snap shot by Marco Kasper.
5:35 of 3rd period - Shot Misses the Net.
5:37 of 3rd period - Snap shot by Marco Kasper.
5:37 of 3rd period - Goal by Marco Kasper - Anaheim Ducks : 1 - Nashville Predators : 5.
5:38 of 3rd period - Mark Scheifele wins face-off versus Jean-Gabriel Pageau in neutral zone.
6:13 of 3rd period - Wrist shot by John-Jason Peterka.
6:13 of 3rd period - Deflect By Nazem Kadri.
6:13 of 3rd period - Shot Misses the Net.
6:13 of 3rd period - Puck is out of play.
6:14 of 3rd period - Mark Scheifele wins face-off versus Dmitri Voronkov in Anaheim Ducks zone.
6:14 of 3rd period - Mark Scheifele is hit by Dmitri Voronkov.
6:20 of 3rd period - Slapshot by Joshua Morrissey.
6:20 of 3rd period - Shot Misses the Net.
6:22 of 3rd period - Slapshot by Joshua Morrissey.
6:22 of 3rd period - Stopped by Anthony Stolarz without a rebound.
6:23 of 3rd period - Jean-Gabriel Pageau wins face-off versus Mark Scheifele in Nashville Predators zone.
6:34 of 3rd period - Slapshot by Brayden Schenn.
6:34 of 3rd period - Shot Misses the Net.
6:36 of 3rd period - Slapshot by Esa Lindell.
6:36 of 3rd period - Stopped by Anthony Stolarz without a rebound.
6:37 of 3rd period - Mark Scheifele wins face-off versus Marco Kasper in Nashville Predators zone.
6:38 of 3rd period - Snap shot by Mason Marchment.
6:38 of 3rd period - Stopped by Anthony Stolarz with a rebound.
6:40 of 3rd period - Minor Penalty to Rasmus Andersson for Cross-checking.
6:41 of 3rd period - Jean-Gabriel Pageau wins face-off versus Nazem Kadri in Nashville Predators zone.
6:56 of 3rd period - Snap shot by Mason Marchment.
6:56 of 3rd period - Deflect By Pius Suter.
6:56 of 3rd period - Stopped by Anthony Stolarz with a rebound.
6:58 of 3rd period - Snap shot by Nazem Kadri.
6:58 of 3rd period - Stopped by Anthony Stolarz without a rebound.
6:59 of 3rd period - Jean-Gabriel Pageau wins face-off versus Mark Scheifele in Nashville Predators zone.
6:59 of 3rd period - Jean-Gabriel Pageau is hit by Philip Broberg.
7:13 of 3rd period - Dante Fabbro is hit by Mark Scheifele and loses puck.
7:30 of 3rd period - Slapshot by Philip Broberg.
7:30 of 3rd period - Shot Blocked by Alex Pietrangelo.
7:32 of 3rd period - Wrist shot by Mason Marchment.
7:32 of 3rd period - Stopped by Anthony Stolarz without a rebound.
7:33 of 3rd period - Jean-Gabriel Pageau wins face-off versus Nazem Kadri in Nashville Predators zone.
7:44 of 3rd period - Snap shot by Chandler Stephenson.
7:44 of 3rd period - Stopped by Anthony Stolarz with a rebound.
7:46 of 3rd period - Snap shot by Esa Lindell.
7:46 of 3rd period - Stopped by Anthony Stolarz with a rebound.
7:48 of 3rd period - Slapshot by Ivan Provorov.
7:48 of 3rd period - Stopped by Anthony Stolarz with a rebound.
7:50 of 3rd period - Wrist shot by Ivan Provorov.
7:50 of 3rd period - Deflect By Mason Marchment.
7:50 of 3rd period - Shot Misses the Net.
7:50 of 3rd period - Puck is out of play.
7:51 of 3rd period - Jean-Gabriel Pageau wins face-off versus Mark Scheifele in Nashville Predators zone.
8:23 of 3rd period - Snap shot by Eetu Luostarinen.
8:23 of 3rd period - Stopped by Linus Ullmark without a rebound.
8:24 of 3rd period - Nazem Kadri wins face-off versus Eetu Luostarinen in Anaheim Ducks zone.
8:29 of 3rd period - Off-side.
8:30 of 3rd period - Jean-Gabriel Pageau wins face-off versus Brayden Schenn in neutral zone.
8:40 of 3rd period - Penalty to Rasmus Andersson is over, Rasmus Andersson is back on ice.
8:43 of 3rd period - Slapshot by Brayden Schenn.
8:43 of 3rd period - Shot Misses the Net.
8:45 of 3rd period - Wrist shot by Mark Scheifele.
8:45 of 3rd period - Stopped by Anthony Stolarz with a rebound.
8:47 of 3rd period - Snap shot by William Nylander.
8:47 of 3rd period - Stopped by Anthony Stolarz with a rebound.
8:59 of 3rd period - Wrist shot by Alex Killorn.
8:59 of 3rd period - Stopped by Anthony Stolarz without a rebound.
9:00 of 3rd period - Nikita Alexandrov wins face-off versus Alex Killorn in Nashville Predators zone.
9:12 of 3rd period - Nikita Alexandrov beats up Chandler Stephenson.
9:12 of 3rd period - Penalty to Nikita Alexandrov for Fighting.
9:12 of 3rd period - Penalty to Chandler Stephenson for Fighting.
9:13 of 3rd period - Mark Scheifele wins face-off versus Jean-Gabriel Pageau in neutral zone.
9:47 of 3rd period - Slapshot by Brenden Dillon.
9:47 of 3rd period - Stopped by Anthony Stolarz with a rebound.
10:01 of 3rd period - Wrist shot by Yegor Sharangovich.
10:01 of 3rd period - Stopped by Linus Ullmark with a rebound.
10:03 of 3rd period - Snap shot by Jack Roslovic.
10:03 of 3rd period - Stopped by Linus Ullmark with a rebound.
10:05 of 3rd period - Snap shot by Yegor Chinakhov.
10:05 of 3rd period - Deflect By Yegor Sharangovich.
10:05 of 3rd period - Shot Misses the Net.
10:05 of 3rd period - Puck is out of play.
10:06 of 3rd period - Jean-Gabriel Pageau wins face-off versus Conor Geekie in Anaheim Ducks zone.
10:35 of 3rd period - Wrist shot by Joshua Morrissey.
10:35 of 3rd period - Stopped by Anthony Stolarz with a rebound.
10:39 of 3rd period - Wrist shot by Alex Killorn.
10:39 of 3rd period - Stopped by Anthony Stolarz without a rebound.
10:40 of 3rd period - Jean-Gabriel Pageau wins face-off versus Mark Scheifele in Nashville Predators zone.
10:40 of 3rd period - Jean-Gabriel Pageau is hit by Brayden Schenn.
10:41 of 3rd period - Brayden Schenn beats up Jean-Gabriel Pageau.
10:41 of 3rd period - Penalty to Jean-Gabriel Pageau for Fighting.
10:41 of 3rd period - Penalty to Brayden Schenn for Fighting.
10:42 of 3rd period - Mark Scheifele wins face-off versus Yegor Chinakhov in Nashville Predators zone.
10:58 of 3rd period - Minor Penalty to Mason Marchment for Delaying the game.
10:59 of 3rd period - Nazem Kadri wins face-off versus Marco Kasper in Anaheim Ducks zone.
11:43 of 3rd period - Mark Scheifele is hit by John-Jason Peterka and loses puck.
12:58 of 3rd period - Penalty to Mason Marchment is over, Mason Marchment is back on ice.
13:24 of 3rd period - Off-side.
13:25 of 3rd period - Jack Roslovic wins face-off versus Conor Geekie in neutral zone.
13:28 of 3rd period - Slapshot by Brandon Montour.
13:28 of 3rd period - Stopped by Linus Ullmark without a rebound.
13:29 of 3rd period - William Nylander wins face-off versus Yegor Chinakhov in Anaheim Ducks zone.
13:35 of 3rd period - Icing by Brandon Montour.
13:36 of 3rd period - William Nylander wins face-off versus Yegor Chinakhov in Nashville Predators zone.
13:39 of 3rd period - Wrist shot by William Nylander.
13:39 of 3rd period - Shot Misses the Net.
13:41 of 3rd period - Snap shot by William Nylander.
13:41 of 3rd period - Stopped by Anthony Stolarz with a rebound.
13:43 of 3rd period - Backhand shot by Brenden Dillon.
13:43 of 3rd period - Stopped by Anthony Stolarz with a rebound.
13:45 of 3rd period - Snap shot by Kevin Bahl.
13:45 of 3rd period - Stopped by Anthony Stolarz with a rebound.
14:20 of 3rd period - Snap shot by Parker Kelly.
14:20 of 3rd period - Stopped by Anthony Stolarz without a rebound.
14:21 of 3rd period - J.T. Compher wins face-off versus Nikita Alexandrov in Nashville Predators zone.
14:24 of 3rd period - Wrist shot by Parker Kelly.
14:24 of 3rd period - Stopped by Anthony Stolarz with a rebound.
14:26 of 3rd period - Backhand shot by Parker Kelly.
14:26 of 3rd period - Stopped by Anthony Stolarz without a rebound.
14:27 of 3rd period - Mark Scheifele wins face-off versus Nikita Alexandrov in Nashville Predators zone.
14:50 of 3rd period - Minor Penalty to Rasmus Andersson for Holding.
14:51 of 3rd period - Mark Scheifele wins face-off versus Eetu Luostarinen in Nashville Predators zone.
15:00 of 3rd period - Wrist shot by Mark Scheifele.
15:00 of 3rd period - Shot Misses the Net.
15:04 of 3rd period - Slapshot by Mark Scheifele.
15:04 of 3rd period - Goal by Mark Scheifele - Anaheim Ducks : 2 - Nashville Predators : 5.
15:05 of 3rd period - Conor Geekie wins face-off versus Yegor Chinakhov in neutral zone.
15:10 of 3rd period - Snap shot by William Nylander.
15:10 of 3rd period - Stopped by Anthony Stolarz with a rebound.
16:22 of 3rd period - Off-side.
16:23 of 3rd period - Jean-Gabriel Pageau wins face-off versus Conor Geekie in neutral zone.
16:38 of 3rd period - Snap shot by Jani Nyman.
16:38 of 3rd period - Shot Misses the Net.
18:15 of 3rd period - Alex Pietrangelo is hit by Mark Scheifele and loses puck.
18:57 of 3rd period - Wrist shot by Parker Kelly.
18:57 of 3rd period - Shot Blocked by Nikita Alexandrov.
19:00 of 3rd period - Icing by Brandon Montour.
19:01 of 3rd period - Nikita Alexandrov wins face-off versus Conor Geekie in Nashville Predators zone.
19:52 of 3rd period - Wrist shot by Eetu Luostarinen.
19:52 of 3rd period - Goal by Eetu Luostarinen - Anaheim Ducks : 2 - Nashville Predators : 6.
19:53 of 3rd period - William Nylander wins face-off versus Jean-Gabriel Pageau in neutral zone.
19:58 of 3rd period - Snap shot by William Nylander.
19:58 of 3rd period - Shot Blocked by Jani Nyman.
Goals for this period are 1 for Anaheim Ducks vs 3 for Nashville Predators.
Shots for this period are 27 for Anaheim Ducks vs 16 for Nashville Predators.